 Dungeon Crawl Stone Soup version 0.32-a0-918-g0f22ef8d61 (webtiles) character file.

Game seed: 1919953309538824711

2595 jr88keys the Cleaver (level 9, -11/121 HPs)
             Began as a Minotaur Berserker on Apr 11, 2024.
             Was an Elder of Trog.
             Mangled by an orc warlord
             ... wielding a +8 broad axe
              (19 damage)
             ... in a bailey.
             The game lasted 00:14:16 (6210 turns).

jr88keys the Cleaver (Minotaur Berserker)           Turns: 6210, Time: 00:14:17

Health: -11/121    AC: 14    Str: 26    XL:     9   Next: 33%
Magic:  8/8        EV:  7    Int:  4    God:    Trog [****..]
Gold:   288        SH:  8    Dex: 13    Spells: 8/8 levels left

rFire   . . .        a - +0 broad axe
rCold   + . .        t - +0 kite shield
rNeg    . . .        v - +0 chain mail
rPois   .            c - +1 hat {SInv}
rElec   .            o - +0 cloak
rCorr   .            k - +0 pair of gloves
SInv    +            (no boots)
Will    ++...        i - amulet of Bodily Harmony {Will++ Regen+ Dex+3} Stlth
                     d - ring of protection from cold
HPRegen 1.20/turn    (no ring)
MPRegen 0.11/turn

%: no passive effects
@: berserking, invisible, very quick
A: horns 2, retaliatory headbutt
a: Renounce Religion, Berserk, Trog's Hand, Brothers in Arms


You were in a bailey.
You worshipped Trog.
Trog was greatly pleased with you.
You visited 1 branch of the dungeon, and saw 7 of its levels.
You also visited: Ossuary and Bailey.

You collected 409 gold pieces.
You spent 121 gold pieces at shops.

Inventory:

Hand Weapons
 a - a +0 broad axe (weapon)
 b - a +0 flail
 r - a +5 hand axe
Armour
 c - a +1 hat of see invisible (worn)
 k - a +0 pair of gloves (worn)
 o - a +0 cloak (worn)
 t - a +0 kite shield (worn)
 v - a +0 chain mail (worn)
Jewellery
 d - a ring of protection from cold (left hand)
 i - the amulet of Bodily Harmony (around neck) {Will++ Regen+ Dex+3}
   (You found it on level 3 of the Dungeon)

   [amulet of regeneration]

   Dex+3:     It affects your dexterity (+3).
   Will++:    It greatly increases your willpower.
   Regen+:    It increases your rate of health regeneration.
 s - a ring of flight
Scrolls
 l - 5 scrolls of teleportation
 m - 2 scrolls of blinking
 n - a scroll of enchant armour
 u - a scroll of enchant weapon
Potions
 e - 3 potions of curing
 g - 2 potions of resistance
 h - a potion of lignification {unknown}
 j - a potion of ambrosia
 p - 4 potions of heal wounds
 q - a potion of mutation {unknown}
 w - a potion of haste {unknown}


   Skills:
 + Level 8.2 Fighting
 * Level 11.1 Axes
 + Level 7.7 Armour
 - Level 2.1 Dodging
 * Level 3.5 Shields


You had 8 spell levels left.
You didn't know any spells.
Your spell library was empty.

Dungeon Overview and Level Annotations

Branches:
Dungeon (7/15)             Temple (0/1) D:6         Ossuary (visited)
 Bailey (1/1)

Altars:
Ashenzari
Fedhas
Okawaru
Yredelemnul

Shops:
D:3 [

Annotations:
D:5 1 runed translucent door, Juicyj's ghost, novice MDFi


Innate Abilities, Weirdness & Mutations

You have a pair of horns on your head.
You reflexively headbutt those who attack you in melee.


Message History

You see here the +2 ring mail of Shadows and Fog {MP+9}.
Things that are here:
a +0 hand axe; a +0 leather armour
There is an open door here.
Could not explore, unopened runed door.
You fade into invisibility!
You open the gate.
A red film seems to cover your vision as you go berserk!
You feel yourself moving faster!
You feel mighty! The orc warlord closely misses you.
You catch the helpless orc warlord completely off-guard!
You slice the orc warlord!!
The orc warlord is lightly wounded.
You slash the orc warlord!
The orc warlord is moderately wounded.
The orc warlord hits you with a +8 broad axe!!!
You slash the orc warlord! You headbutt the orc warlord!
The orc warlord is heavily wounded.
The orc warlord hits you with a +8 broad axe!
You slash the orc warlord! You headbutt the orc warlord!
The orc warlord is heavily wounded.
The orc warlord hits you with a +8 broad axe!!
You slash the orc warlord!
The orc warlord is severely wounded.
You block the orc warlord's attack.
You slash the orc warlord!
The orc warlord is severely wounded.
The orc warlord hits you with a +8 broad axe!!
* * * LOW HITPOINT WARNING * * *
You slash the orc warlord!
The orc warlord is almost dead.
You hit the orc warlord but do no damage.
You headbutt the orc warlord!
The orc warlord is almost dead.
The orc warlord hits you with a +8 broad axe!!
* * * LOW HITPOINT WARNING * * *
You barely miss the orc warlord.
The orc warlord is almost dead.
The orc warlord hits you with a +8 broad axe!!
You die...

##..ß..ß...#~~~~~#.....
#..........#~~~~~#.....
#..........'.)[))'....ß
#...ß......#########...
##......####~~~#~~~##..
##.....#~~#~.....[~#).
##....#~........!~#..
#...##~ßgß...ß.ß##..
#..@o~~.........#...
#...'~~....∩....#...
#...'~~.........#...
#.(.##~ß.ß...ß.ß##..
##.)).#~........?~#..
##.....#~~#~.....}~#..
##.....(####~~~#~~~##..
#...ß......#########(..
#..........'.....'....ß


You could see an orc warlord (unable to see you) and a hobgoblin (unable to see
you).

Vanquished Creatures
  A two-headed ogre (D:6)
  An ice beast (D:6)
  2 sky beasts
  4 orc warriors (Bailey)
  An ogre (D:6)
  A phantom (D:5)
  2 elf zombies (Ossuary)
  2 scorpions (D:5)
  A bombardier beetle (D:5)
  A howler monkey (D:5)
  2 bullfrog zombies (D:6)
  5 centaur zombies
  A human zombie (Ossuary)
  A bullfrog skeleton (D:6)
  A jelly (D:6)
  A hound (D:4)
  A sleepcap (D:5)
  An iguana (D:6)
  6 orc wizards
  4 hound zombies (Ossuary)
  2 mummies (Ossuary)
  A howler monkey zombie (D:6)
  5 gnolls
  6 adders
  2 white imps
  5 adder zombies (Ossuary)
  A dart slug (D:4)
  18 orcs
  6 ball pythons
  5 endoplasms
  2 giant cockroaches (D:4)
  7 goblins
  8 hobgoblins
  4 quokkas
  5 bats
  6 frilled lizards
  10 gnoll zombies (Ossuary)
  2 jackal zombies (Ossuary)
  13 kobolds
  3 kobold zombies (Ossuary)
  6 orc zombies (Ossuary)
  3 rats
159 creatures vanquished.

Notes
Turn   | Place    | Note
-------+----------+-------------------------------------------
     0 | D:1      | jr88keys the Minotaur Berserker began the quest for the
                  | Orb.
     0 | D:1      | Reached XP level 1. HP: 19/19 MP: 0/0
    94 | D:1      | Reached skill level 4 in Axes
   123 | D:1      | Reached XP level 2. HP: 23/27 MP: 1/1
   470 | D:1      | You fall into a shaft and drop 1 floor!
   470 | D:2      | Found a basalt altar of Yredelemnul.
   682 | D:2      | Reached XP level 3. HP: 33/33 MP: 2/2
  1306 | D:2      | Found a faded altar of an unknown god.
  1558 | D:3      | Found Rid Wuonn's Armour Shoppe.
  1569 | D:3      | Bought a +0 hat of see invisible for 121 gold pieces
  1642 | D:3      | Identified the amulet of Bodily Harmony {Will++ Regen+
                  | Dex+3}
  1836 | D:3      | Found an iron altar of Okawaru.
  2107 | D:3      | Reached skill level 5 in Axes
  2107 | D:3      | Reached XP level 4. HP: 34/41 MP: 3/3
  2621 | D:4      | Reached ** piety under Trog
  2855 | D:4      | Reached XP level 5. HP: 33/47 MP: 4/4
  2888 | D:4      | Found a sand-covered staircase.
  2897 | Ossuary  | Entered an ossuary
  2920 | Ossuary  | Reached skill level 6 in Axes
  2990 | Ossuary  | Reached skill level 5 in Fighting
  3028 | Ossuary  | Reached XP level 6. HP: 53/56 MP: 5/5
  3062 | Ossuary  | Reached skill level 7 in Axes
  3063 | Ossuary  | Reached *** piety under Trog
  3080 | Ossuary  | Reached XP level 7. HP: 62/62 MP: 6/6
  3081 | Ossuary  | Reached skill level 5 in Armour
  3433 | D:4      | Found a blossoming altar of Fedhas.
  3634 | D:5      | Entered Level 5 of the Dungeon
  3732 | D:5      | Reached skill level 8 in Axes
  3859 | D:5      | Found a runed translucent door.
  3862 | D:5      | Noticed Juicyj's ghost (novice MDFi)
  3984 | D:5      | Identified the staff of Spite {rPois rF+ Fire Alchemy}
  4436 | D:5      | Found a broken altar of Ashenzari.
  4712 | D:6      | Reached XP level 8. HP: 71/71 MP: 7/7
  4773 | D:6      | Reached skill level 9 in Axes
  4778 | D:6      | Noticed a two-headed ogre
  4792 | D:6      | Killed a two-headed ogre
  4793 | D:6      | Reached skill level 10 in Axes
  4835 | D:6      | Found a staircase to the Ecumenical Temple.
  5091 | D:6      | Reached skill level 1 in Shields
  5091 | D:6      | Reached XP level 9. HP: 65/81 MP: 8/8
  5147 | D:6      | Identified the +2 ring mail of Shadows and Fog {MP+9}
  5775 | D:7      | Found a flagged portal.
  5791 | Bailey   | Entered a bailey
  5801 | Bailey   | Reached **** piety under Trog
  5807 | Bailey   | Noticed an orc warlord
  5936 | Bailey   | Reached skill level 11 in Axes
  6007 | Bailey   | Found a runed translucent gate.
  6009 | Bailey   | Found a runed translucent gate.
  6011 | Bailey   | Found a runed translucent gate.
  6210 | Bailey   | Mangled by an orc warlord

Illustrated notes

Levels and vault maps discovered:
D:1:      dpeg_arrival_rooms_with_view, layout_basic
D:2:      layout_basic, serial_corexii_hall, chequers_hall_statues_wall_a,
          chequers_hall_statues_wall_a, ebering_ecumenical_altar_webs,
          basic_altar
D:3:      layout_loops_ring, kennysheep_okawaru_gauntlet, serial_shops, shop
D:4:      nicolae_cairo_tiling_very_big, layout_cave_pools,
          mainiacjoe_overflow_concentric_impassable,
          nicolae_ossuary_entry_monument, serial_co_window_serial,
          co_window_corner_a, co_window_paths_a, co_window_of_opportunity_a,
          co_window_paths_b, co_window_corner_a, co_window_broadway_b,
          co_window_broadway_b, co_window_corner_b, glass_columns_c
D:5:      layout_basic, mainiacjoe_overflow_alcove_2,
          ebering_ghost_reflecting_pool
D:6:      layout_basic, temple_statues, serial_undead, serial_undead_b,
          serial_undead_e, serial_undead_c, serial_undead_f
D:7:      nzn_winding_woodlands_small [nzn_winding_woodlands_5x15_lazy_stream,
          nzn_winding_woodlands_center_triple_pond,
          nzn_winding_woodlands_5x15_zeroes], layout_loops_ring,
          kiku_gazebo_pond_becter, lemuel_crystal_altar, enter_bailey_4,
          serial_shops, nicolae_shop_crystal, nicolae_sextant,
          nrook_loot_triangle, guppyfry_early_elven_hall
Bailey:   bailey_axe_bossmonster_kennysheep, bailey

Skill      XL: |  1  2  3  4  5  6  7  8  9 |
---------------+----------------------------+-----
Axes           | 4 5 6 7 8 10 11 | 11.1
Fighting       | 4 5 6 7 8 |  8.2
Armour         | 3 4 6 7 |  7.7
Shields        | 1 3 |  3.5
Dodging        | |  2.1

Action                     |  1- 3 |  4- 6 |  7- 9 || total
---------------------------+-------+-------+-------++-------
  Melee: Hand axe          |    68 |   130 |   255 ||   453
         Headbutt          |     7 |    25 |    43 ||    75
         Broad axe         |       |       |    22 ||    22
 Invoke: Berserk           |     1 |     1 |     8 ||    10
    Use: Scroll            |     5 |     3 |    10 ||    18
         Potion            |       |       |     1 ||     1
   Stab: Sleeping          |     1 |     1 |       ||     2
         Invisible         |       |       |     1 ||     1
 Armour: Animal skin       |    45 |   111 |    85 ||   241
         Ring mail         |       |       |    39 ||    39
         Chain mail        |       |       |    15 ||    15
         Skin              |       |       |     1 ||     1
  Dodge: Dodged            |    59 |    91 |   102 ||   252
  Block: Kite shield       |       |       |    45 ||    45

Table legend: (Time is in decaauts)
 A = Elapsed time spent in this place.
 B = Non-inter-level travel time spent in this place.
 C = Inter-level travel time spent in this place.
 D = Time resting spent in this place.
 E = Time spent auto-exploring this place.
 F = Levels seen in this place.
 G = Mean time per level.
                   A        B        C        D        E       F      G
               +--------+--------+--------+--------+--------+-----+--------+
         Total |   6281 |   6165 |    116 |   1011 |   3801 |   9 |  697.9 |
       Dungeon |   5511 |   5395 |    116 |    909 |   3575 |   7 |  787.3 |
       Ossuary |    326 |    326 |      0 |     56 |     99 |   1 |  326.0 |
        Bailey |    443 |    443 |      0 |     46 |    127 |   1 |  443.0 |
               +--------+--------+--------+--------+--------+-----+--------+

Top non-repeatable levels by time:
     D:5: 1072 daAuts
     D:6: 1041 daAuts
     D:3: 922 daAuts
     D:2: 851 daAuts
     D:4: 835 daAuts
     D:1: 719 daAuts
  Bailey: 443 daAuts
 Ossuary: 326 daAuts
     D:7: 69 daAuts
